cohdb
Replays
Latest Replays
All Replays
Popular Replays
Top Player Replays
Match Explorer
How It Works
Community
CoH3 Stats
Reddit
Sign in to upload your games and track your stats! →
Sign in with Steam
Match 45253479
Unlisted
Match 45253479
Overview
Messages
Build Orders
End
Kradschützen Motorcycle Team
Panzerpioneer Squad
Panzerpioneer Squad
Selects Battlefield Espionage Battlegroup
Selects Sector Subterfuge Beacon
Panzerpioneer Squad
Construct Light Support Kompanie
Panzerjäger Squad
2.5-tonne Medical Truck
Panzerjäger Mechanized Group
Fire Support Elements
Selects 250/3 Funkpanzerwagen
Construct Panzerarmee Kommand
Veteran Squad Leaders
Panzer III L Medium Tank
Panzerpioneer Squad
Emergency Repair Kits
Panzer III L Medium Tank
Rapid Advance
Panzer III L Medium Tank
Panzer III L Medium Tank
Selects Anti-Tank Incendiary Munitions
Selects Operation Skorpion
Panzer III L Medium Tank
Vehicle Survival Package
Selects Transfer Depots
Panzer III L Medium Tank
Operation Skorpion
Tungsten Core Ammunition
Selects Disruption Operation
Disruption Operation
SSpro
NaDa
sweetfinger
白洲アズサ
NANAMI
(KCC)MGfirst
Lord Curzon
GodVvz
0
0
Comments
sign in to comment!
No comments posted yet!